PAAA
BANGOR TRIDENT BASE OGRES @ PHOENIX HOTSPUR RESERVES
06/06/2022
 
TOP OF THE 1ST
Bangor Trident Base Ogres batting - Pitching for Phoenix Hotspur Reserves : RHP Bob Cook
Pitching: RHP Bob Cook
Batting: RHB Elvis Larson 0-0: Swinging Strike
0-1: Foul Ball, location: 2F
0-2: Ball
1-2: Foul Ball, location: 2F
1-2: Strikes out looking
Batting: RHB Tom Baker 0-0: Called Strike
0-1: SINGLE (Line Drive, 34D)
Batting: RHB Bertrand Sunter 0-0: Foul Ball, location: 2F
0-1: Ball
1-1: Fly out, F4 (Popup, 4D)
Batting: RHB Ken Fulton 0-0: 2-RUN HOME RUN (Flyball, 8RXD), Distance : 443 ft
Batting: RHB Jeremy Christensen 0-0: Ball
1-0: Ball
2-0: Ball
3-0: Base on Balls
Batting: RHB Chae-hyeong Kim 0-0: Called Strike
0-1: Ball
1-1: Called Strike
1-2: Strikes out looking
Top of the 1st over - 2 run(s), 2 hit(s), 0 error(s), 1 left on base; Bangor Trident Base 2 - Phoenix 0
BOTTOM OF THE 1ST
Phoenix Hotspur Reserves batting - Pitching for Bangor Trident Base Ogres : RHP Jason McKinney
Pitching: RHP Jason McKinney
Batting: RHB Gabriel Pérez 0-0: Called Strike
0-1: Foul Ball, location: 2F
0-2: Foul Ball, location: 2F
0-2: Ball
1-2: Ball
2-2: Strikes out swinging
Batting: RHB Ben Anderson 0-0: Fly out, F8 (Flyball, 8RM)
Batting: RHB Martín Martínez 0-0: Swinging Strike
0-1: Fly out, F7 (Flyball, 7S)
Bottom of the 1st over - 0 run(s), 0 hit(s), 0 error(s), 0 left on base; Bangor Trident Base 2 - Phoenix 0
TOP OF THE 2ND
Bangor Trident Base Ogres batting - Pitching for Phoenix Hotspur Reserves : RHP Bob Cook
Batting: RHB Hubert Dodson 0-0: Called Strike
0-1: Ball
1-1: Swinging Strike
1-2: Foul Ball, location: 2F
1-2: Foul Ball, location: 2F
1-2: Strikes out swinging
Batting: SHB Bill Becker 0-0: SINGLE (Groundball, 13) (infield hit)
Batting: RHB Augusto Rocha 0-0: Ball
1-0: Fly out, F2 (Popup, 2LF)
Batting: RHB Elvis Larson 0-0: Called Strike
0-1: Called Strike
0-2: Strikes out swinging
Top of the 2nd over - 0 run(s), 1 hit(s), 0 error(s), 1 left on base; Bangor Trident Base 2 - Phoenix 0
BOTTOM OF THE 2ND
Phoenix Hotspur Reserves batting - Pitching for Bangor Trident Base Ogres : RHP Jason McKinney
Batting: RHB Júlio Mateo 0-0: Called Strike
0-1: Swinging Strike
0-2: Ball
1-2: Strikes out swinging
Batting: RHB Ed Sharp 0-0: Ball
1-0: Ball
2-0: Called Strike
2-1: Fly out, F9 (Flyball, 9S)
Batting: RHB Fernando Rivera 0-0: Ball
1-0: Foul Ball, location: 2F
1-1: SINGLE (Groundball, 56)
Batting: RHB Mike Alford 0-0: Called Strike
Fernando Rivera steals 2nd base
0-1: Ball
1-1: Ball
2-1: Ball
3-1: Called Strike
3-2: Ground out 5-3 (Groundball, 56)
Bottom of the 2nd over - 0 run(s), 1 hit(s), 0 error(s), 1 left on base; Bangor Trident Base 2 - Phoenix 0
TOP OF THE 3RD
Bangor Trident Base Ogres batting - Pitching for Phoenix Hotspur Reserves : RHP Bob Cook
Batting: RHB Tom Baker 0-0: Ball
1-0: Ground out 1-3 (Groundball, 15)
Batting: RHB Bertrand Sunter 0-0: Ball
1-0: Ball
2-0: Foul Ball, location: 2F
2-1: Called Strike
2-2: Foul Ball, location: 2F
2-2: Ball
3-2: Fly out, F9 (Flyball, 9LM)
Batting: RHB Ken Fulton 0-0: Ball
1-0: Ground out 1-3 (Groundball, 15)
Top of the 3rd over - 0 run(s), 0 hit(s), 0 error(s), 0 left on base; Bangor Trident Base 2 - Phoenix 0
BOTTOM OF THE 3RD
Phoenix Hotspur Reserves batting - Pitching for Bangor Trident Base Ogres : RHP Jason McKinney
Batting: SHB Jesús González 0-0: Ball
1-0: Called Strike
1-1: Foul Ball, location: 2F
1-2: SINGLE (Groundball, 34)
Batting: RHB Christian O'Neal 0-0: Fly out, F8 (Flyball, 8RXD)
Runner from 1st tags up, OUT at 2nd
Batting: RHB Gabriel Pérez 0-0: Ball
1-0: SINGLE (Line Drive, 6M)
Batting: RHB Ben Anderson 0-0: SINGLE (Flyball, 9LS)
Gabriel Pérez to second
Runner from 2nd tries for 3rd, OUT!
Bottom of the 3rd over - 0 run(s), 3 hit(s), 0 error(s), 1 left on base; Bangor Trident Base 2 - Phoenix 0
TOP OF THE 4TH
Bangor Trident Base Ogres batting - Pitching for Phoenix Hotspur Reserves : RHP Bob Cook
Batting: RHB Jeremy Christensen 0-0: Ball
1-0: Ball
2-0: Called Strike
2-1: Foul Ball, location: 2F
2-2: Ball
3-2: Strikes out looking
Batting: RHB Chae-hyeong Kim 0-0: Ball
1-0: Ball
2-0: Called Strike
2-1: Swinging Strike
2-2: Fly out, F8 (Flyball, 8LD)
Batting: RHB Hubert Dodson 0-0: Ball
1-0: Swinging Strike
1-1: Ball
2-1: Ball
3-1: Fly out, F9 (Flyball, 89M)
Top of the 4th over - 0 run(s), 0 hit(s), 0 error(s), 0 left on base; Bangor Trident Base 2 - Phoenix 0
BOTTOM OF THE 4TH
Phoenix Hotspur Reserves batting - Pitching for Bangor Trident Base Ogres : RHP Jason McKinney
Batting: RHB Martín Martínez 0-0: Called Strike
0-1: Ball
1-1: Called Strike
1-2: Ground out 5-3 (Groundball, 5D)
Batting: RHB Júlio Mateo 0-0: Ball
1-0: Foul Ball, location: 2F
1-1: Ball
2-1: SINGLE (Groundball, 4M)
Batting: RHB Ed Sharp 0-0: Ground out 5-3 (Groundball, 5S)
Júlio Mateo to second
Batting: RHB Fernando Rivera 0-0: Ground out 6-3 (Groundball, 6)
Bottom of the 4th over - 0 run(s), 1 hit(s), 0 error(s), 1 left on base; Bangor Trident Base 2 - Phoenix 0
TOP OF THE 5TH
Bangor Trident Base Ogres batting - Pitching for Phoenix Hotspur Reserves : RHP Bob Cook
Batting: SHB Bill Becker 0-0: Ball
1-0: Ball
2-0: Called Strike
2-1: Called Strike
2-2: Fly out, F8 (Flyball, 8RM)
Batting: RHB Augusto Rocha 0-0: Called Strike
0-1: Swinging Strike
0-2: Ball
1-2: Foul Ball, location: 2F
1-2: Fly out, F4 (Popup, 4D)
Batting: RHB Elvis Larson 0-0: Ball
1-0: Ball
2-0: Foul Ball, location: 2F
2-1: Swinging Strike
2-2: SINGLE (Flyball, 7S)
Batting: RHB Tom Baker 0-0: Called Strike
0-1: Ball
1-1: Ball
2-1: Ball
3-1: Base on Balls
Elvis Larson to second
Pitching: RHP Roderick Draper
Batting: RHB Bertrand Sunter 0-0: Called Strike
0-1: Ball
1-1: Ball
2-1: Ball
3-1: Ground out 1-3 (Groundball, 15S)
Top of the 5th over - 0 run(s), 1 hit(s), 0 error(s), 2 left on base; Bangor Trident Base 2 - Phoenix 0
BOTTOM OF THE 5TH
Phoenix Hotspur Reserves batting - Pitching for Bangor Trident Base Ogres : RHP Jason McKinney
Batting: RHB Mike Alford 0-0: Ball
1-0: Ball
2-0: Ball
3-0: SINGLE (Line Drive, 7LM)
Batting: SHB Jesús González 0-0: Called Strike
0-1: Swinging Strike
0-2: Strikes out swinging
Batting: RHB Christian O'Neal 0-0: Ball
1-0: Ball
2-0: Ball
3-0: Base on Balls
Mike Alford to second
Batting: RHB Gabriel Pérez 0-0: Ball
1-0: Ball
2-0: Ball
3-0: Called Strike
3-1: Swinging Strike
3-2: SINGLE (Line Drive, 6D)
Mike Alford to third
Christian O'Neal to second
Batting: RHB Ben Anderson 0-0: Ball
1-0: Ball
Wild Pitch!
Mike Alford scores
Christian O'Neal to third
Gabriel Pérez to second
2-0: Called Strike
2-1: SINGLE (Flyball, 6MD)
Christian O'Neal scores
Gabriel Pérez to third
Runner from 3rd tries for Home, SAFE, no throw or cutoff
Batting: RHB Martín Martínez 0-0: Ball
1-0: Foul Ball, location: 2F
1-1: Ball
Wild Pitch!
Ben Anderson to second
2-1: SINGLE (Line Drive, 34D)
Ben Anderson to third
Batting: RHB Júlio Mateo 0-0: Ball
1-0: Foul Ball, location: 2F
1-1: Ball
2-1: Called Strike
2-2: Ball
3-2: Fly out, F8 (Flyball, 8RM)
Batting: RHB Ed Sharp 0-0: Ball
1-0: Ball
2-0: Called Strike
2-1: Swinging Strike
2-2: Foul Ball, location: 2F
2-2: Fly out, F9 (Flyball, 89M)
Bottom of the 5th over - 3 run(s), 4 hit(s), 0 error(s), 2 left on base; Bangor Trident Base 2 - Phoenix 3
TOP OF THE 6TH
Bangor Trident Base Ogres batting - Pitching for Phoenix Hotspur Reserves : RHP Roderick Draper
Batting: RHB Ken Fulton 0-0: Ball
1-0: Ball
2-0: Ball
3-0: Called Strike
3-1: Foul Ball, location: 2F
3-2: Ground out 6-3 (Groundball, 6)
Batting: RHB Jeremy Christensen 0-0: Ball
1-0: Ball
2-0: Ball
3-0: Called Strike
3-1: SINGLE (Line Drive, 89S)
Batting: RHB Chae-hyeong Kim 0-0: Foul Ball, location: 2F
0-1: Foul Ball, location: 2F
0-2: Ball
1-2: Foul Ball, location: 2F
1-2: Foul Ball, location: 2F
1-2: Ball
2-2: Strikes out swinging
Batting: RHB Hubert Dodson 0-0: Ball
1-0: Swinging Strike
1-1: Called Strike
1-2: Ball
Wild Pitch!
Jeremy Christensen to second
2-2: Fly out, F4 (Popup, 4MD)
Top of the 6th over - 0 run(s), 1 hit(s), 0 error(s), 1 left on base; Bangor Trident Base 2 - Phoenix 3
BOTTOM OF THE 6TH
Phoenix Hotspur Reserves batting - Pitching for Bangor Trident Base Ogres : RHP Jason McKinney
Batting: RHB Fernando Rivera 0-0: Bunt missed!
0-1: Hit by Pitch
Batting: RHB Mike Alford 0-0: Ball
1-0: Bunt missed!
1-1: Bunt - Flyout! F5
Batting: SHB Jesús González 0-0: Ball
1-0: Called Strike
1-1: Ball
2-1: Ball
3-1: Fielders Choice at 2nd, 1-6 (Groundball, 15)
Batting: RHB Christian O'Neal 0-0: Called Strike
0-1: Swinging Strike
0-2: 2-RUN HOME RUN (Flyball, 7D), Distance : 377 ft
Batting: RHB Gabriel Pérez 0-0: Foul Ball, location: 2F
0-1: Swinging Strike
0-2: Fly out, F8 (Flyball, 78S)
Bottom of the 6th over - 2 run(s), 1 hit(s), 0 error(s), 0 left on base; Bangor Trident Base 2 - Phoenix 5
TOP OF THE 7TH
Bangor Trident Base Ogres batting - Pitching for Phoenix Hotspur Reserves : RHP Roderick Draper
Batting: SHB Bill Becker 0-0: Fly out, F7 (Flyball, 7M)
Batting: RHB Augusto Rocha 0-0: SINGLE (Line Drive, 6MD)
Batting: RHB Elvis Larson 0-0: Ball
1-0: Called Strike
1-1: Called Strike
1-2: Strikes out swinging
Batting: RHB Tom Baker 0-0: Ball
1-0: Ball
2-0: Ground out 1-3 (Groundball, 15)
Top of the 7th over - 0 run(s), 1 hit(s), 0 error(s), 1 left on base; Bangor Trident Base 2 - Phoenix 5
BOTTOM OF THE 7TH
Phoenix Hotspur Reserves batting - Pitching for Bangor Trident Base Ogres : RHP Jason McKinney
Batting: RHB Ben Anderson 0-0: Ball
1-0: Called Strike
1-1: Ball
2-1: Ball
3-1: Swinging Strike
3-2: Base on Balls
Pitching: RHP Rubén Sánchez
Batting: RHB Martín Martínez 0-0: Ball
1-0: Ball
2-0: Foul Ball, location: 2F
2-1: Swinging Strike
2-2: Foul Ball, location: 2F
2-2: Ball
Throwing error on steal attempt, E2
Ben Anderson to third
3-2: Foul Ball, location: 2F
3-2: Foul Ball, location: 2F
3-2: Foul Ball, location: 2F
3-2: Foul Ball, location: 2F
3-2: Foul Ball, location: 2F
3-2: Foul Ball, location: 2F
3-2: Strikes out swinging
Batting: RHB Júlio Mateo 0-0: Intentional Walk
Batting: RHB Ed Sharp 0-0: Called Strike
0-1: Ball
1-1: SINGLE (Groundball, 4MD)
Ben Anderson scores
Júlio Mateo to second
Batting: RHB Fernando Rivera 0-0: SINGLE (Groundball, 56D)
Júlio Mateo to third
Ed Sharp to second
Batting: RHB Mike Alford 0-0: Foul Ball, location: 2F
0-1: Called Strike
0-2: Strikes out looking
Batting: SHB Jesús González 0-0: Fly out, F8 (Flyball, 8LM)
Bottom of the 7th over - 1 run(s), 2 hit(s), 1 error(s), 3 left on base; Bangor Trident Base 2 - Phoenix 6
TOP OF THE 8TH
Bangor Trident Base Ogres batting - Pitching for Phoenix Hotspur Reserves : RHP Roderick Draper
Batting: RHB Bertrand Sunter 0-0: Called Strike
0-1: Fly out, F6 (Popup, 6S)
Batting: RHB Ken Fulton 0-0: Ball
1-0: Ball
2-0: Ball
3-0: Called Strike
3-1: Ground out 1-3 (Groundball, 25)
Batting: RHB Jeremy Christensen 0-0: Ball
1-0: Foul Ball, location: 2F
1-1: Swinging Strike
1-2: Ball
2-2: Ground out 4-3 (Groundball, 13)
Top of the 8th over - 0 run(s), 0 hit(s), 0 error(s), 0 left on base; Bangor Trident Base 2 - Phoenix 6
BOTTOM OF THE 8TH
Phoenix Hotspur Reserves batting - Pitching for Bangor Trident Base Ogres : RHP Rubén Sánchez
Batting: RHB Christian O'Neal 0-0: Called Strike
0-1: Ball
1-1: Foul Ball, location: 2F
1-2: Ball
2-2: Foul Ball, location: 2F
2-2: Foul Ball, location: 2F
2-2: Ball
3-2: Base on Balls
Batting: RHB Gabriel Pérez 0-0: Ball
1-0: Sac Bunt - play at second, runner OUT! 5-6
Batting: RHB Ben Anderson 0-0: Ball
1-0: Called Strike
Gabriel Pérez steals 2nd base
1-1: Foul Ball, location: 2F
1-2: Strikes out swinging
Batting: RHB Martín Martínez 0-0: Ground out 5-3 (Groundball, 5)
Bottom of the 8th over - 0 run(s), 0 hit(s), 0 error(s), 1 left on base; Bangor Trident Base 2 - Phoenix 6
TOP OF THE 9TH
Bangor Trident Base Ogres batting - Pitching for Phoenix Hotspur Reserves : RHP Roderick Draper
Pitching: RHP Rewa Malaki
Batting: RHB Chae-hyeong Kim 0-0: Called Strike
0-1: Foul Ball, location: 2F
0-2: SINGLE (Groundball, 4M)
Batting: RHB Hubert Dodson 0-0: Foul Ball, location: 2F
0-1: Fly out, F3 (Popup, 23F)
Batting: SHB Bill Becker 0-0: Fly out, F2 (Popup, 2RF)
Batting: RHB Augusto Rocha 0-0: Called Strike
0-1: Ball
1-1: Ball
2-1: Called Strike
2-2: Ball
3-2: Fly out, F8 (Line Drive, 8RXD)
Top of the 9th over - 0 run(s), 1 hit(s), 0 error(s), 1 left on base; Bangor Trident Base 2 - Phoenix 6
This league is powered by Out of the Park Baseball, the baseball management simulation game for PC, Mac and Linux
Friday, April 15th, 2016 - OOTP Baseball 16.9 Build 39